 Dungeon Crawl Stone Soup version 0.31-a0-981-geadf994542 (webtiles) character file.

Game seed: 8267140931920940871

458 sammy202020 the Ruffian (level 6, 0/59 HPs)
             Began as a Troll Shapeshifter on Oct 31, 2023.
             Slain by an adder (1 damage)
             ... on level 4 of the Dungeon.
             The game lasted 00:03:52 (2360 turns).

sammy202020 the Ruffian (Troll Shapeshifter)        Turns: 2360, Time: 00:03:53

Health: 0/59       AC:  4    Str: 23    XL:     6   Next: 77%
Magic:  5/5        EV: 10    Int:  8    God:
Gold:   155        SH:  0    Dex:  9    Spells: 5/5 levels left

rFire   . .          .
                       - Unarmed
rCold   . . .        (no shield)
rNeg    . . .        a - +0 animal skin
rPois   .            (helmet currently unavailable)
rElec   .            (cloak currently unavailable)
rCorr   .            (gloves unavailable)
SInv    .            (boots unavailable)
Will    .....        (no amulet)
Stlth   +            (no ring)
HPRegen 1.09/turn    (no ring)
MPRegen 0.09/turn

%: no passive effects
@: lethally poisoned (0 -> 0), beast-form, hasted, very quick
A: beast (slay +2), large, unfitting armour, claws 3, regeneration 1, shaggy fur
1, tough skin 1, high MP 1
a: Begin Untransformation


You were on level 4 of the Dungeon.
You were a hulking beast.
You visited 1 branch of the dungeon, and saw 4 of its levels.

You collected 155 gold pieces.

Inventory:

Hand Weapons
 f - a +0 flail
Armour
 a - a +0 animal skin (worn)
 e - a +2 hat
 g - a +0 cloak
Talismans
 c - a beast talisman (active)
 d - a flux talisman
Scrolls
 h - a scroll of immolation
Potions
 b - a potion of lignification
 j - 2 potions of might
 k - a potion of heal wounds {unknown}


   Skills:
 * Level 2.7 Fighting
 * Level 2.4 Armour
 * Level 3.1 Dodging
 * Level 4.4 Unarmed Combat
 + Level 3.7 Shapeshifting


You had 5 spell levels left.
You didn't know any spells.
Your spell library contained the following spells:

 Spells                   Type           Power      Damage    Failure   Level
 Blink                    Tloc           0%         N/A       54%         2
 Lesser Beckoning         Tloc           0%         N/A       54%         2
 Momentum Strike          Conj/Tloc      0%         3d8       54%         2
 Manifold Assault         Tloc           0%         N/A       99%         4


Dungeon Overview and Level Annotations

Branches:
Dungeon (4/15)
 Temple: D:4-7

Altars:

Shops:
D:1 ?

Annotations:
D:4 Edmund


Innate Abilities, Weirdness & Mutations

You are a hulking beast.
Your limbs bulge with bestial killing power. (Slay +2)
You are too large for most types of armour.
You have claws for hands.
Your natural rate of healing is unusually fast.
You are covered in fur. (AC +1)
You have tough skin. (AC +1)
You have an increased reservoir of magic. (+10% MP)


Message History

You are too injured to fight recklessly!
You are too injured to fight recklessly!
You are too injured to fight recklessly!
You claw Edmund!
Edmund is moderately wounded.
The adder bites you. Edmund closely misses you.
You barely miss Edmund.
Edmund is moderately wounded.
The adder bites you.
You are poisoned.
The adder poisons you!
Edmund hits you with a +1 dire flail of holy wrath!
* * * LOW HITPOINT WARNING * * *
You feel yourself speed up.
You feel sick. The adder barely misses you.
Edmund hits you with a +1 dire flail of holy wrath.
* * * LOW HITPOINT WARNING * * *
The adder bites you but does no damage.
You claw Edmund!
Edmund is heavily wounded.
You feel sick. Edmund closely misses you.
The adder bites you but does no damage.
You scratch Edmund.
Edmund is heavily wounded.
You feel sick.
You scratch Edmund.
Edmund is severely wounded.
The adder closely misses you.
Edmund hits you with a +1 dire flail of holy wrath!
* * * LOW HITPOINT WARNING * * *
You scratch the adder.
The adder is heavily wounded.
You feel sick. The adder bites you.
* * * LOW HITPOINT WARNING * * *
You are more poisoned.
The adder poisons you! Edmund barely misses you.
You closely miss the adder.
The adder is heavily wounded.
* * * LOW HITPOINT WARNING * * *
You feel sick. The adder bites you.
You die...

#.....<...#
###......... .
.......... .#
..[..... ..
.!###..... #.
..[..$.B. #.
#....@S#########
#. #h........#
#.###
########..#
#.<.# ##..>.##
###.#
######..####
#.... #......###
#....
#..#......#
##.... #......#
#..### #...†..#
##.## #......#
#..#


You could see Edmund, an adder and a giant cockroach.

Vanquished Creatures
  Sigmund (D:2)
  The ghost of tsujin the Insei, an amateur GnSh (D:3)
  A gnoll sergeant (D:3)
  An orc wizard (D:3)
  Terence (D:2)
  5 adders
  A worm (D:3)
  A dart slug (D:1)
  5 orcs (D:3)
  5 ball pythons
  3 bats
  6 endoplasms
  2 giant cockroaches (D:1)
  7 goblins
  3 hobgoblins
  7 kobolds
  7 quokkas
  2 frilled lizards
  4 rats
63 creatures vanquished.

Notes
Turn   | Place    | Note
-------+----------+-------------------------------------------
     0 | D:1      | sammy202020 the Troll Shapeshifter began the quest for the
                  | Orb.
     0 | D:1      | Reached XP level 1. HP: 18/18 MP: 0/0
   115 | D:1      | Reached skill level 1 in Fighting
   117 | D:1      | Reached XP level 2. HP: 18/27 MP: 1/1
   512 | D:1      | Reached XP level 3. HP: 33/33 MP: 2/2
   874 | D:1      | Found Jegu's Magic Scroll Shop.
   879 | D:1      | Gained mutation: You possess an exceptional clarity of
                  | mind. [potion of mutation]
   991 | D:2      | Reached skill level 1 in Armour
  1010 | D:2      | Noticed Terence
  1017 | D:2      | Killed Terence
  1020 | D:2      | Reached XP level 4. HP: 36/41 MP: 3/3
  1085 | D:2      | Noticed Sigmund
  1095 | D:2      | Killed Sigmund
  1096 | D:2      | Reached skill level 4 in Unarmed Combat
  1096 | D:2      | Reached XP level 5. HP: 44/49 MP: 4/4
  1468 | D:2      | Lost mutation: You possess an exceptional clarity of mind.
                  | [potion of mutation]
  1468 | D:2      | Gained mutation: You have an increased reservoir of magic.
                  | (+10% MP) [potion of mutation]
  1735 | D:3      | Reached XP level 6. HP: 54/58 MP: 5/5
  1849 | D:3      | Found a faded altar of an unknown god.
  2048 | D:3      | Found a runed translucent door.
  2049 | D:3      | Noticed tsujin's ghost (amateur GnSh)
  2223 | D:3      | Killed tsujin's ghost
  2346 | D:4      | Noticed Edmund
  2359 | D:4      | HP: 1/59 [adder (2)]
  2360 | D:4      | Slain by an adder

Illustrated notes

Levels and vault maps discovered:
D:1:      minmay_arrival_cross, layout_basic, serial_shops,
          nicolae_shop_rolled_up
D:2:      layout_rooms, roderic_serpentine_path,
          nicolae_concentric_dashed_squares_mild, uniq_terence, uniq_sigmund
D:3:      layout_basic, ebering_ghost_inner_flame,
          shapermc_ecumenical_altar_mp_highgroup
D:4:      layout_rooms, minmay_temple_entry_proselytizer,
          kennysheep_generic_room_12, uniq_edmund

Skill      XL: |  1  2  3  4  5  6 |
---------------+-------------------+-----
Fighting       | 1 2 |  2.7
Dodging        | 2 3 |  3.1
Armour         | 1 2 |  2.4
Unarmed Combat | 4 |  4.4
Shapeshifting  | |  3.7

Action                     |  1- 3 |  4- 6 || total
---------------------------+-------+-------++-------
  Melee: Unarmed           |    61 |   101 ||   162
         Punch             |       |     4 ||     4
    Use: Potion            |     3 |     2 ||     5
         Scroll            |     2 |     5 ||     7
 Armour: Animal skin       |    40 |    78 ||   118
  Dodge: Dodged            |    31 |    48 ||    79
   Form: Beast             |       |     1 ||     1

Table legend: (Time is in decaauts)
 A = Elapsed time spent in this place.
 B = Non-inter-level travel time spent in this place.
 C = Inter-level travel time spent in this place.
 D = Time resting spent in this place.
 E = Time spent auto-exploring this place.
 F = Levels seen in this place.
 G = Mean time per level.
                   A        B        C        D        E       F      G
               +--------+--------+--------+--------+--------+-----+--------+
         Total |   2347 |   2290 |     57 |    127 |   1703 |   4 |  586.8 |
       Dungeon |   2347 |   2290 |     57 |    127 |   1703 |   4 |  586.8 |
               +--------+--------+--------+--------+--------+-----+--------+

Top non-repeatable levels by time:
     D:1: 951 daAuts
     D:3: 780 daAuts
     D:2: 557 daAuts
     D:4: 57 daAuts
